 Dungeon Crawl Stone Soup version 0.28-a0-957-g42eb19b844 (webtiles) character file.

Game seed: 10161184803320294302

7613 karkarkar the Thaumaturge (level 10, -17/74 HPs)
             Began as a Purple Draconian Earth Elementalist on Nov 30, 2021.
             Was a Priest of Vehumet.
             Demolished by Snorg (20 damage)
             ... on level 9 of the Dungeon on Dec 1, 2021.
             The game lasted 00:51:17 (12188 turns).

karkarkar the Thaumaturge (DrEE)                   Turns: 12188, Time: 00:51:18

Health: -17/74     AC: 14    Str: 10    XL:     10   Next: 98%
Magic:  4/26       EV: 12    Int: 20    God:    Vehumet [***...]
Gold:   1325       SH:  0    Dex: 12    Spells: 17/33 levels left

rFire   . . .      SeeInvis .   g - +2 short sword (elec)
rCold   + . .      Faith    .   (no shield)
rNeg    . . .      Spirit   .   (armour unavailable)
rPois   .          Reflect  .   (helmet restricted)
rElec   .          Harm     .   (no cloak)
rCorr   .          Rampage  .   e - +2 pair of gloves
Will    +....                   (no boots)
Stlth   ++........              (no amulet)
HPRegen 0.22/turn               h - +4 ring of protection
MPRegen 0.20/turn               B - ring of protection from cold

@: about to teleport
A: breathe power, AC +7, unfitting armour, cold-blooded
a: Breathe Dispelling Energy, Renounce Religion


You were on level 9 of the Dungeon.
You worshipped Vehumet.
Vehumet was most pleased with you.
You visited 2 branches of the dungeon, and saw 11 of its levels.

You collected 1346 gold pieces.
You spent 21 gold pieces at shops.

Inventory:

Hand Weapons
 g - a +2 short sword of electrocution (weapon)
Missiles
 b - 179 stones
 v - 14 poisoned darts
 w - 10 boomerangs
Armour
 e - a +2 pair of gloves (worn)
Jewellery
 h - a +4 ring of protection (left hand)
 B - a ring of protection from cold (right hand)
Wands
 l - a wand of iceblast (30)
 m - a wand of paralysis (8)
 u - a wand of polymorph (13)
 x - a wand of mindburst (42)
 z - a wand of acid (9)
 D - a wand of flame (13)
Scrolls
 a - 2 scrolls of magic mapping
 k - 4 scrolls of teleportation
 n - 3 scrolls of enchant armour
 o - 3 scrolls of brand weapon
 p - 3 scrolls of immolation
 s - a scroll of vulnerability {unknown}
 t - a scroll of fog
 y - a scroll of silence {unknown}
Potions
 c - 3 potions of resistance
 d - 2 potions of flight
 f - a potion of degeneration {unknown}
 i - 3 potions of curing
 j - 2 potions of invisibility {unknown}
 q - 2 potions of heal wounds
 r - 2 potions of haste {unknown}
 A - a potion of might {unknown}
 C - a potion of mutation {unknown}


   Skills:
 * Level 2.4 Fighting
 - Level 1.7 Dodging
 - Level 1.7 Stealth
 + Level 12.2 Spellcasting
 * Level 8.1 Conjurations
 - Level 0.6 Translocations
 + Level 1.0 Transmutations
 + Level 1.0 Air Magic
 + Level 9.9 Earth Magic
 + Level 1.2 Evocations


You had 17 spell levels left.
You knew the following spells:

 Your Spells              Type           Power      Damage    Failure   Level
a - Sandblast             Erth           100%       2d20      1%          1
b - Passwall              Tmut/Erth      28%        N/A       1%          2
c - Stone Arrow           Conj/Erth      96%        3d13      1%          3
d - Shock                 Conj/Air       100%       1d9       1%          1
e - Lee's Rapid Deconstr  Erth           25%        3d15*     1%          5
f - Iskenderun's Mystic   Conj/Tloc      29%        2d7       2%          4

Your spell library contained the following spells:

 Spells                   Type           Power      Damage    Failure   Level
 Airstrike                Air            8%         N/A       10%         4
 Poisonous Vapours        Pois/Air       28%        N/A       1%          2
 Fulminant Prism          Conj/Hex       14%        3d9       3%          4
 Petrify                  Tmut/Erth      34%        N/A       6%          4
 Corpse Rot               Necr/Air       28%        N/A       7%          2
 Ozocubu's Armour         Ice            12%        N/A       17%         3
 Metabolic Englaciation   Hex/Ice        6%         N/A       83%         5
 Simulacrum               Ice/Necr       6%         N/A       100%        6


Dungeon Overview and Level Annotations

Branches:
Dungeon (10/15)            Temple (1/1) D:4            Lair (0/6) D:8
    Orc (0/2) D:9

Altars:
Ashenzari
Cheibriados
Dithmenos
Elyvilon
Fedhas
Gozag
Hepliaklqana
Kikubaaqudgha
Makhleb
Nemelex Xobeh
Okawaru
Qazlal
Ru
Vehumet
Xom
Yredelemnul
Zin
The Shining One

Shops:
D:2 (   D:3 [

Annotations:
D:5 2 transporters
D:9 Snorg


Innate Abilities, Weirdness & Mutations

You can breathe bolts of dispelling energy.
Your rich purple scales are hard. (AC +7)
You cannot fit into any form of body armour.
You are cold-blooded and may be slowed by cold attacks.


Message History

Snorg bites you!! Snorg claws you! Snorg claws you.
Things that are here:
a yak corpse; a yak corpse Snorg barely misses you.
Snorg claws you!
* * * LOW HITPOINT WARNING * * *
Snorg claws you.
* * * LOW HITPOINT WARNING * * *
It was a potion of curing.
You feel better. Snorg bites you but does no damage. Snorg claws you.
* * * LOW HITPOINT WARNING * * *
Snorg claws you but does no damage. Snorg barely misses you. Snorg claws you!
* * * LOW HITPOINT WARNING * * *
Snorg barely misses you.
You are too injured to fight recklessly!
Casting: Iskenderun's Mystic Blast (dangerous; 2% risk of failure)
Press: ? - help, Q - select action, (/) - cycle Dir - look around, f - activate You erupt in a blast of force!
The mystic blast hits Snorg!
Snorg is lightly wounded.
Snorg is knocked back by the mystic blast.
You don't have enough magic to cast this spell.
Unknown command.
Aiming: Paralyse
Press: ? - help, Q - select action, (/) - cycle Shift-Dir - straight line, f - Snorg
Aim: Snorg (lightly wounded, berserk, chance to affect: 18%)
Okay, then.
Aiming: Mindburst
Press: ? - help, Q - select action, (/) - cycle Shift-Dir - straight line, f - Snorg
Aim: Snorg (lightly wounded, berserk, chance to affect: 36%)
Okay, then.
It was a potion of heal wounds.
You feel much better. Snorg closely misses you.
Snorg claws you but does no damage. Snorg completely misses you.
Snorg misses you. Snorg claws you. Snorg claws you!
* * * LOW HITPOINT WARNING * * *
As you read the scroll of teleportation, it crumbles to dust.
You feel strangely unstable. Snorg bites you!!
* * * LOW HITPOINT WARNING * * *
Snorg claws you but does no damage. Snorg barely misses you. Snorg bites you!!
You die...

#)# #.# ###...#
#..# ###)# #.#
#.....# #.##
###.).#
#.####.#.###
#.# ##...###
#.#....#.# #>#
..<###
#.#.#....# #.#
#### #.#.(.####
#.# # ##....##
#.# #
######.....#
#.# #
#...##.##.@#
#.#
#......##(T##
#.#
#....####...###
##.# ##....#
#.#...## #..#
##...###
#.###.>#
####.## ##..###
#.# ##.# #....#
####...# ####.#
#†# #.####
#.....## #....#
#†# ##.#
..##[.#
####.####
#.####..#


You could see Snorg (berserk).

Vanquished Creatures
  A death yak (D:8)
  A centaur zombie (D:6)
  An elephant (D:8)
  A troll (D:9)
  13 yaks
  A wyvern (D:9)
  2 basilisks (D:8)
  A steam dragon (D:6)
  An acid dragon (D:9)
  An orc warrior (D:8)
  2 black bears (D:5)
  An ice beast (D:7)
  A necrophage (D:7)
  2 ogres
  9 centaurs
  2 phantoms (D:4)
  A kobold brigand (D:9)
  6 bullfrogs
  3 gnoll sergeants
  2 scorpions
  5 killer bees (D:8)
  A water moccasin skeleton (D:6)
  7 wights
  4 hounds
  2 jellies
  6 orc priests
  An iguana (D:4)
  5 orc wizards
  A hound zombie (D:5)
  13 gnolls
  2 howler monkey skeletons
  A howler monkey zombie (D:8)
  6 adders
  A shadow imp (D:7)
  5 white imps
  2 worms
  A dart slug (D:3)
  21 orcs
  3 bats
  6 endoplasms
  3 giant cockroaches
  6 goblins
  8 hobgoblins
  12 kobolds
  4 quokkas
  7 ball pythons
  4 frilled lizards
  4 rats
193 creatures vanquished.

Vanquished Creatures (others)
  2 fungi (D:3)
  5 plants (D:5)
7 creatures vanquished.

Grand Total: 200 creatures vanquished

Notes
Turn   | Place    | Note
-------+----------+-------------------------------------------
     0 | D:1      | karkarkar the Draconian Earth Elementalist began the quest
                  | for the Orb.
     0 | D:1      | Reached XP level 1. HP: 14/14 MP: 3/3
   489 | D:1      | Reached XP level 2. HP: 20/20 MP: 1/5
   592 | D:1      | Learned a level 2 spell: Passwall
  1142 | D:2      | Found Hotumufaudgh's Weapon Emporium.
  1150 | D:2      | Bought 15 stones for 21 gold pieces
  1185 | D:2      | Reached XP level 3. HP: 26/26 MP: 4/7
  1436 | D:2      | Reached skill level 3 in Spellcasting
  1677 | D:3      | Found a broken altar of Ashenzari.
  1834 | D:3      | Found Lewky's Armour Emporium.
  1931 | D:3      | Found a faded altar of an unknown god.
  2321 | D:4      | Found a staircase to the Ecumenical Temple.
  2340 | Temple   | Entered the Ecumenical Temple
  2500 | Temple   | Became a worshipper of Vehumet
  2595 | D:4      | Noticed a phantom
  2609 | D:4      | Killed a phantom
  2610 | D:4      | Reached skill level 1 in Conjurations
  2610 | D:4      | Reached XP level 4. HP: 33/33 MP: 4/9
  2621 | D:4      | Reached XP level 5. HP: 38/38 MP: 4/10
  2853 | D:4      | Noticed a phantom
  2863 | D:4      | Killed a phantom
  2864 | D:4      | Reached skill level 4 in Spellcasting
  2969 | D:4      | Found a shimmering altar of Xom.
  2988 | D:4      | Found a blossoming altar of Fedhas.
  2988 | D:4      | Found a white marble altar of Elyvilon.
  2990 | D:4      | Found an iron altar of Okawaru.
  2990 | D:4      | Found a shimmering altar of Xom.
  2990 | D:4      | Found a shimmering altar of Xom.
  3163 | D:4      | Found a stormy altar of Qazlal.
  3294 | D:4      | Reached XP level 6. HP: 45/45 MP: 9/12
  3513 | D:5      | Entered Level 5 of the Dungeon
  3595 | D:5      | Found a transporter.
  3600 | D:5      | Noticed a small abomination
  3602 | D:5      | Found the +8 demon trident "Rift" {distort, reach+}
  3614 | D:5      | Found a transporter.
  3678 | D:5      | Reached skill level 5 in Earth Magic
  3975 | D:5      | Reached skill level 5 in Spellcasting
  3975 | D:5      | Your scales start taking on a rich purple colour.
  3975 | D:5      | Reached skill level 6 in Spellcasting
  3975 | D:5      | Reached XP level 7. HP: 46/50 MP: 9/16
  4312 | D:5      | Learned a level 3 spell: Stone Arrow
  4372 | D:5      | Reached * piety under Vehumet
  4372 | D:5      | Offered knowledge of Shock by Vehumet.
  4592 | D:5      | Reached skill level 7 in Spellcasting
  4946 | D:5      | Reached XP level 8. HP: 57/57 MP: 4/18
  5245 | D:5      | Learned a level 1 spell: Shock
  5964 | D:6      | Reached skill level 8 in Spellcasting
  6474 | D:6      | Reached skill level 1 in Fighting
  6699 | D:6      | Reached skill level 5 in Conjurations
  6886 | D:6      | Offered knowledge of Scorch by Vehumet.
  6895 | D:6      | Reached skill level 9 in Spellcasting
  6895 | D:6      | Reached XP level 9. HP: 59/64 MP: 10/22
  7023 | D:6      | Reached ** piety under Vehumet
  8399 | D:7      | Found a snail-covered altar of Cheibriados.
  8933 | D:8      | Reached skill level 10 in Spellcasting
  8991 | D:8      | Offered knowledge of Frozen Ramparts by Vehumet.
  9665 | D:8      | Found a staircase to the Lair.
  9665 | D:8      | Noticed a death yak
  9869 | D:8      | Killed a death yak
  9870 | D:8      | Reached skill level 1 in Evocations
  9870 | D:8      | Reached XP level 10. HP: 33/73 MP: 11/24
 10081 | D:8      | Noticed an elephant
 10118 | D:8      | Killed an elephant
 10119 | D:8      | Reached skill level 1 in Air Magic
 10537 | D:8      | Identified a scroll of acquirement
 10537 | D:8      | Acquired 837 gold pieces
 10628 | D:9      | Reached skill level 11 in Spellcasting
 10951 | D:9      | Reached *** piety under Vehumet
 11027 | D:9      | Learned a level 5 spell: Lee's Rapid Deconstruction
 11032 | D:9      | Learned a level 4 spell: Iskenderun's Mystic Blast
 11073 | D:9      | Found a staircase to the Orcish Mines.
 11791 | D:9      | Found a blossoming altar of Fedhas.
 12013 | D:9      | Offered knowledge of Airstrike by Vehumet.
 12026 | D:9      | Reached skill level 12 in Spellcasting
 12162 | D:10     | Entered Level 10 of the Dungeon
 12162 | D:10     | Noticed Snorg
 12162 | D:10     | Found an ancient bone altar of Kikubaaqudgha.
 12187 | D:9      | HP: 2/74 [Snorg (19)]
 12188 | D:9      | Demolished by Snorg

Illustrated notes

Levels and vault maps discovered:
D:1:      dpeg_arrival_windows_large_door, layout_loops_cross,
          minmay_fountain_box
D:2:      layout_basic, serial_shops, nicolae_shop_bloodbath_and_beyond
D:3:      layout_loops_cross, nicolae_ashenzari_panopticon,
          shapermc_ecumenical_altar_acropolis, serial_shops, nicolae_shop_stone
D:4:      layout_cave_pods, doesnt_xom_only_xom, mainiacjoe_overflow_paths,
          minmay_temple_entry_tees
D:5:      layout_gridville, gammafunk_ghost_abyssal_escape,
          chequers_serial_rivers_large_a, chequers_big_river, lightli_minifort
D:6:      layout_basic
D:7:      minmay_spotlight, layout_basic, chei_slow_surprise,
          kennysheep_generic_room_10
D:8:      kennysheep_blocky_hall, layout_layer_cave, david_lair_generic
D:9:      layout_rooms, mainiacjoe_overflow_alcove_4, orc_0_dummy
D:10:     layout_rooms, dancing_weapons_uskayaw,
          chequers_temple_overflow_minitemple, nicolae_overflow_hidden_temple,
          uniq_snorg
Temple:   minmay_temple_curvy_loop

Skill      XL: |  1  2  3  4  5  6  7  8  9 10 |
---------------+-------------------------------+-----
Spellcasting   | 3 4 6 7 9 10 12 | 12.2
Conjurations   | 1 2 3 5 7 8 |  8.1
Earth Magic    | 4 5 6 7 8 9 |  9.9
Fighting       | 1 2 |  2.4
Evocations     | 1 |  1.2
Air Magic      | 1 |  1.0
Dodging        | |  1.7
Stealth        | |  1.7
Translocations | |  0.6
Transmutations | |  1.0

Action                   |  1- 3 |  4- 6 |  7- 9 | 10-12 || total
-------------------------+-------+-------+-------+-------++-------
Melee: Short sword       |     7 |       |       |       ||     7
Throw: Stone             |     3 |     8 |     2 |       ||    13
       Dart              |       |       |     3 |       ||     3
       Boomerang         |       |       |     1 |     4 ||     5
 Cast: Sandblast         |    60 |    48 |    68 |    16 ||   192
       Passwall          |     1 |       |       |       ||     1
       Stone Arrow       |       |       |   130 |    32 ||   162
       Shock             |       |       |     6 |     7 ||    13
       Lee's Rapid Decon |       |       |       |    16 ||    16
       Iskenderun's Myst |       |       |       |    13 ||    13
 Abil: Breathe Dispellin |       |       |     3 |     2 ||     5
Evoke: Wand              |     4 |     4 |     2 |     6 ||    16
  Use: Scroll            |     4 |     3 |     5 |     3 ||    15
       Potion            |       |       |       |     2 ||     2
Armor: Skin              |     8 |    21 |    34 |    15 ||    78
Dodge: Dodged            |     8 |    24 |    48 |    18 ||    98

Table legend: (Time is in decaauts)
 A = Elapsed time spent in this place.
 B = Non-inter-level travel time spent in this place.
 C = Inter-level travel time spent in this place.
 D = Time resting spent in this place.
 E = Time spent auto-exploring this place.
 F = Levels seen in this place.
 G = Mean time per level.
                   A        B        C        D        E       F      G
               +--------+--------+--------+--------+--------+-----+--------+
         Total |  12220 |  11924 |    296 |   1455 |   8617 |  11 | 1110.9 |
       Dungeon |  12033 |  11741 |    292 |   1455 |   8465 |  10 | 1203.3 |
        Temple |    186 |    182 |      4 |      0 |    152 |   1 |  186.0 |
               +--------+--------+--------+--------+--------+-----+--------+

Top non-repeatable levels by time:
     D:8: 2481 daAuts
     D:5: 2203 daAuts
     D:6: 1531 daAuts
     D:9: 1270 daAuts
     D:4: 1128 daAuts
     D:7: 1096 daAuts
     D:1: 824 daAuts
     D:2: 773 daAuts
     D:3: 710 daAuts
  Temple: 186 daAuts
    D:10: 10 daAuts
